 Dungeon Crawl Stone Soup version 0.28-a0-556-gab23d0e057 (webtiles) character file.

Game seed: 17445432024643737935

43154 Zenkrye the Nimble (level 14, -8/111 HPs)
             Began as a Barachi Conjurer on Sept 28, 2021.
             Was a High Priest of Vehumet.
             Killed from afar by a quicksilver dragon (26 damage)
             ... with a bolt of dispelling energy
             ... on level 1 of the Abyss.
             The game lasted 01:40:39 (20656 turns).

Zenkrye the Nimble (Barachi Conjurer)              Turns: 20656, Time: 01:40:40

Health: -8/111     AC: 17    Str: 11    XL:     14   Next: 23%
Magic:  15/29      EV: 11    Int: 28    God:    Vehumet [*****.]
Gold:   1837       SH:  3    Dex:  5    Spells: 9/36 levels left

rFire   + . .      SeeInvis .   W - staff of conjuration
rCold   . . .      Faith    .   E - +0 buckler
rNeg    + . .      Spirit   .   X - +5 ring mail of Vanity {+Inv rF+ rN+ Dex-5}
rPois   .          Reflect  .   l - +1 helmet
rElec   .          Harm     .   p - +0 cloak
rCorr   .          Rampage  .   a - +2 pair of gloves
Will    +....                   (no boots)
Stlth   +.........              f - amulet of regeneration
HPRegen 1.28/turn               w - ring of wizardry
MPRegen 0.21/turn               t - +6 ring of intelligence

@: unable to hop, slow
A: amphibious, slowness 1, strong legs 2, +LOS
a: Hop, Renounce Religion, Evoke Invisibility


You were on level 1 of the Abyss.
You worshipped Vehumet.
Vehumet was extremely pleased with you.
You visited 4 branches of the dungeon, and saw 18 of its levels.
You visited the Abyss 1 time.
You also visited: Ossuary and Gauntlet.

You collected 1986 gold pieces.
You spent 149 gold pieces at shops.

Inventory:

Hand Weapons
 C - the +8 flail "Qokhaej" {vamp, rElec rN+}
   (You found it on level 6 of the Dungeon)

   It occasionally heals its wielder for a portion of the damage dealt when it
   wounds a living foe.
   rElec:     It insulates you from electricity.
   rN:        It protects you from negative energy.
 P - a +2 falchion of holy wrath
Missiles
 v - 2 silver javelins
 B - 14 boomerangs (quivered)
 L - 2 curare-tipped darts
 U - 5 boomerangs of dispersal
Armour
 a - a +2 pair of gloves (worn)
 l - a +1 helmet (worn)
 p - a +0 cloak (worn)
 E - a +0 buckler (worn)
 X - the +5 ring mail of Vanity (worn) {+Inv rF+ rN+ Dex-5}
   (You found it on level 2 of the Lair of Beasts)

   Dex:       It affects your dexterity (-5).
   rF:        It protects you from fire.
   rN:        It protects you from negative energy.
   +Inv:      It lets you turn invisible.
Magical Staves
 u - a staff of death
 G - a staff of air
 W - a staff of conjuration (weapon)
Jewellery
 c - a ring of ice
 f - an amulet of regeneration (around neck)
 j - a ring of flight
 n - a ring of positive energy
 t - a +6 ring of intelligence (right hand)
 w - a ring of wizardry (left hand)
 z - a ring of willpower
 O - a ring of wizardry
Wands
 d - a wand of digging (7) {@v1}
 m - a wand of flame (13)
 A - a wand of iceblast (23) {@v4}
 D - a wand of mindburst (24)
 F - a wand of acid (13) {@v2}
 S - a wand of paralysis (9)
 Z - a wand of polymorph (4)
Scrolls
 o - 2 scrolls of teleportation {@r3}
 r - 7 scrolls of enchant armour
 y - 3 scrolls of fog
 M - a scroll of summoning
 N - 2 scrolls of blinking {@r4}
 Q - a scroll of magic mapping
 R - 5 scrolls of enchant weapon
 Y - 3 scrolls of amnesia
Potions
 b - 4 potions of curing {@q1}
 g - 2 potions of lignification
 h - 5 potions of flight
 k - 2 potions of ambrosia
 q - a potion of attraction
 s - a potion of invisibility
 x - 4 potions of brilliance
 H - 5 potions of mutation
 J - 2 potions of heal wounds {@q2}
 K - a potion of might {@q4}
 T - a potion of haste {@q3}
Miscellaneous
 e - a phantom mirror (inert)
 I - a box of beasts (inert)
 V - a tin of tremorstones (1/2)


   Skills:
 + Level 10.4 Fighting
 - Level 5.0 Armour
 + Level 12.1 Dodging
 - Level 1.7 Stealth
 + Level 1.6 Shields
 + Level 11.5 Spellcasting
 - Level 12.0 Conjurations
 - Level 4.0 Hexes
 + Level 5.7 Necromancy
 - Level 4.0 Translocations
 + Level 7.6 Fire Magic
 - Level 3.0 Ice Magic
 - Level 5.0 Earth Magic
 - Level 3.0 Evocations


You had 9 spell levels left.
You knew the following spells:

 Your Spells              Type           Power      Damage    Failure   Level
a - Stone Arrow           Conj/Erth      100%       3d13      1%          3
b - Fireball              Conj/Fire      41%        3d17      1%          5
c - Fulminant Prism       Conj/Hex       37%        3d18      1%          4
d - Scorch                Fire           100%       2d10      1%          2
e - Hailstorm             Conj/Ice       72%        3d15      1%          4
f - Irradiate             Conj/Tmut      32%        3d24      3%          5
q - Iskenderun's Mystic   Conj/Tloc      75%        2d15      1%          4

Your spell library contained the following spells:

 Spells                   Type           Power      Damage    Failure   Level
 Magic Dart               Conj           100%       1d8       1%          1
 Sandblast                Erth           88%        2d18      1%          1
 Corpse Rot               Necr/Air       N/A        N/A       1%          2
 Ensorcelled Hibernation  Hex/Ice        70%        N/A       1%          2
 Poisonous Vapours        Pois/Air       32%        N/A       1%          2
 Searing Ray              Conj           100%       2d8       1%          2
 Slow                     Hex            38%        N/A       1%          2
 Dazzling Flash           Conj/Hex       100%       N/A       1%          3
 Vampiric Draining        Necr           24%        2d9       1%          3
 Passwall                 Tmut/Erth      25%        N/A       2%          2
 Confusing Touch          Hex            38%        N/A       2%          3
 Tukima's Dance           Hex            38%        N/A       2%          3
 Lightning Bolt           Conj/Air       32%        1d50      3%          5
 Animate Dead             Necr           24%        N/A       4%          4
 Swiftness                Air            16%        N/A       12%         3
 Airstrike                Air            8%         N/A       12%         4
 Olgreb's Toxic Radiance  Pois           16%        N/A       12%         4
 Borgnjor's Vile Clutch   Necr/Erth      23%        N/A       12%         5
 Conjure Ball Lightning   Conj/Air       32%        3x3d10    14%         6
 Animate Armour           Summ/Erth      60%        N/A       16%         4
 Summon Ice Beast         Ice/Summ       24%        N/A       22%         4
 Summon Lightning Spire   Summ/Air       16%        N/A       38%         4
 Summon Mana Viper        Hex/Summ       27%        N/A       43%         5
 Death Channel            Necr           24%        N/A       47%         6
 Invisibility             Hex            19%        N/A       73%         6
 Lehudib's Crystal Spear  Conj/Erth      38%        10d10     83%         8
 Ozocubu's Refrigeration  Ice            16%        4d8       88%         7
 Ignition                 Fire           28%        3d9       90%         8
 Haunt                    Necr/Summ      16%        N/A       100%        7
 Monstrous Menagerie      Summ           8%         N/A       100%        7
 Discord                  Hex            19%        N/A       100%        8
 Disjunction              Tloc           19%        N/A       100%        8
 Infestation              Necr           24%        N/A       100%        8


Dungeon Overview and Level Annotations

Branches:
Dungeon (11/15)            Temple (1/1) D:6            Lair (4/6) D:11
 Shoals (0/4) Lair:4       Spider (0/4) Lair:3          Orc (2/2) D:9
    Elf (0/3) Orc:2       Ossuary (visited)         Gauntlet (visited)

Altars:
Cheibriados
Dithmenos
Elyvilon
Fedhas
Gozag
Hepliaklqana
Makhleb
Nemelex Xobeh
Okawaru
Qazlal
Ru
Trog
Uskayaw
Vehumet
Xom
Zin
The Shining One
Beogh

Shops:
D:7 !   D:11 *   Orc:1 [   Orc:2 ((

Annotations:
D:3 2 transporters, Grinder
D:7 2 runed translucent doors, robertstho's ghost, novice DjFE
D:8 2 transporters, Orlauf's ghost, novice DsGl
Lair:1 1 runed translucent door, robertstho's ghost, journeyman DjFE
Orc:2 Erolcha


Innate Abilities, Weirdness & Mutations

You are amphibious.
You cover ground slowly.
You can hop long distances.
You have an extended range of vision and can be seen from far away.


Message History

Unknown command.
The tremorstone explodes into fragments!
The burst of rock shards engulfs the smoke demon!
The smoke demon roars!
The burst of rock shards engulfs the smoke demon!
You open the lid... ...and a larval shockox beast leaps out!
The box is emptied!
The quicksilver dragon bites you! The quicksilver dragon claws you.
The smoke demon gestures at you. Something smites you!
The quicksilver dragon bites you! The quicksilver dragon claws you!
Hop to where?
Press: ? - help, Dir - move target
Found a runed scarf.
Found a gateway leading deeper into the Abyss.
Boing!
The quicksilver dragon bites your larval shockox beast but does no damage.
The quicksilver dragon barely misses your larval shockox beast.
A lich comes into view.
Your larval shockox beast misses the quicksilver dragon.
Your larval shockox beast closely misses the quicksilver dragon.
The lich shouts!
The quicksilver dragon bites your larval shockox beast but does no damage.
The quicksilver dragon claws your larval shockox beast.
The quicksilver dragon breathes dispelling energy at you.
The bolt of dispelling energy hits your larval shockox beast!!!
Your larval shockox beast dies!
Your larval shockox beast's corpse disappears in a puff of smoke!
The bolt of dispelling energy hits you!
* * * LOW HITPOINT WARNING * * *
The smoke demon gestures at you. Something smites you!
* * * LOW HITPOINT WARNING * * *
The smoke demon gestures at you. The ball of steam hits you. You resist.
* * * LOW HITPOINT WARNING * * *
The quicksilver dragon breathes dispelling energy at you.
The bolt of dispelling energy hits you!!
You die...

.... ..##.## .. ..#.#
##...#.##..# .....
....#..#..
##...###.#......
#.............###
#......[..#.....#
#.....#...#3....## ###
#........§§.....°####...
#.....>@§.....D.§...≈≈#.
#...###.####............
# #... # ....#. ....
#..... #....#..... .
#......#........#. .
#......#........ ..§
#......#..##.......
########.# ##..... . ..
.........


You could see a quicksilver dragon (catching breath).

Vanquished Creatures
  Saint Roka (Orc:2)
  An ettin (Orc:1)
  Fannar (Lair:2)
  4 hydras
  2 boulder beetles
  2 ogre magi (Orc:2)
  3 two-headed ogres
  2 death yaks
  A lindwurm (Lair:4)
  An orc knight (Orc:1)
  6 orc sorcerers
  A cyclops (D:11)
  9 elephants
  4 black mambas
  4 cane toads
  A rime drake (Lair:4)
  4 komodo dragons
  5 trolls
  A jumping spider (Lair:3)
  5 polar bears
  A hornet (D:8)
  4 blink frogs (Lair:4)
  4 redbacks (Lair:3)
  A large abomination (Abyss:1)
  3 wyverns
  2 wraiths
  Grum (D:8)
  39 yaks
  3 basilisks
  3 wargs (Orc:2)
  An acid dragon (D:10)
  12 water moccasins
  An ice beast (D:7)
  6 black bears
  4 ogres
  5 necrophages
  16 orc warriors
  A sky beast (D:6)
  5 centaurs
  18 wolves
  4 phantoms
  5 kobold brigands
  9 bullfrogs
  4 scorpions
  2 troll zombies (D:9)
  4 killer bees (D:10)
  A howler monkey (D:6)
  12 wights
  A bullfrog zombie (D:5)
  A bullfrog skeleton (D:6)
  3 centaur skeletons
  3 hounds
  3 jellies
  11 orc priests
  2 gnoll shamans (D:6)
  4 iguanas
  29 orc wizards
  Terence (D:3)
  6 ogre zombies (D:9)
  2 howler monkey zombies
  2 mummies
  Robin (D:2)
  2 howler monkey skeletons
  10 gnolls
  5 adders
  A shadow imp (Gauntlet)
  3 white imps
  An ufetubus (D:7)
  An adder zombie (D:5)
  3 dart slugs
  55 orcs
  7 bats
  An endoplasm (D:1)
  A giant cockroach (D:1)
  15 goblins
  8 hobgoblins
  6 jackals
  A quokka (D:4)
  6 ball pythons
  2 frilled lizards
  8 gnoll skeletons (Ossuary)
  3 goblin skeletons (D:9)
  2 goblin zombies (D:9)
  2 hobgoblin skeletons (D:9)
  5 hobgoblin zombies (D:9)
  25 kobolds
  5 kobold skeletons (Ossuary)
  2 kobold zombies (D:4)
  13 orc skeletons
  12 orc zombies (D:9)
  5 rats (D:1)
  A fulminant prism (Lair:4)
509 creatures vanquished.

Vanquished Creatures (others)
  A bush (Lair:3)
  185 fulminant prisms
  42 fungi
  28 plants
256 creatures vanquished.

Grand Total: 765 creatures vanquished

Notes
Turn   | Place    | Note
-------+----------+-------------------------------------------
     0 | D:1      | Zenkrye the Barachi Conjurer began the quest for the Orb.
     0 | D:1      | Reached XP level 1. HP: 13/13 MP: 3/3
     2 | D:1      | Noticed a minotaur
     2 | D:1      | Noticed a felid
     4 | D:1      | Noticed a demigod
     4 | D:1      | Noticed a dwarf
     6 | D:1      | Noticed a formicid
     8 | D:1      | Noticed a vine stalker
    10 | D:1      | Noticed a naga
    12 | D:1      | Noticed a troll
    14 | D:1      | Noticed a spriggan
    14 | D:1      | Noticed an elf
    16 | D:1      | Noticed a gargoyle
    16 | D:1      | Noticed a ghoul
    18 | D:1      | Noticed a vampire
    18 | D:1      | Noticed a draconian
    20 | D:1      | Noticed a human
    22 | D:1      | Noticed an ogre
    22 | D:1      | Noticed a merfolk
    24 | D:1      | Noticed an octopode
    24 | D:1      | Noticed a tengu
    26 | D:1      | Noticed a demonspawn
   128 | D:1      | Reached XP level 2. HP: 12/19 MP: 3/5
   589 | D:1      | Learned a level 2 spell: Searing Ray
   932 | D:1      | Reached XP level 3. HP: 24/24 MP: 5/7
  1199 | D:2      | Reached skill level 5 in Conjurations
  1544 | D:2      | Reached XP level 4. HP: 30/30 MP: 6/9
  1635 | D:2      | Noticed Robin
  1643 | D:2      | Killed Robin
  2211 | D:3      | Found a faded altar of an unknown god.
  2211 | D:3      | Noticed Grinder
  2227 | D:3      | Noticed Terence
  2411 | D:3      | Killed Terence
  2412 | D:3      | Reached XP level 5. HP: 23/35 MP: 0/11
  2438 | D:3      | Learned a level 4 spell: Iskenderun's Mystic Blast
  2443 | D:3      | Learned a level 4 spell: Fulminant Prism
  2534 | D:3      | Found a transporter.
  2536 | D:3      | Found a transporter.
  3224 | D:4      | Reached skill level 1 in Hexes
  3224 | D:4      | Reached skill level 1 in Translocations
  3382 | D:4      | Reached XP level 6. HP: 39/41 MP: 12/12
  3395 | D:4      | Found a sand-covered staircase.
  3427 | Ossuary  | Entered an ossuary
  3427 | Ossuary  | Noticed a wraith
  3427 | Ossuary  | Noticed a wraith
  3427 | Ossuary  | Noticed a wraith
  3548 | Ossuary  | Noticed a wraith
  3578 | Ossuary  | Killed a wraith
  3926 | D:4      | Reached XP level 7. HP: 46/46 MP: 11/14
  4134 | D:4      | Reached skill level 5 in Spellcasting
  4581 | D:5      | Entered Level 5 of the Dungeon
  4593 | D:5      | Noticed a +0 hand axe
  4595 | D:5      | Noticed a +0 hand axe
  4752 | D:5      | Reached XP level 8. HP: 42/52 MP: 10/15
  4892 | D:5      | Learned a level 3 spell: Stone Arrow
  4936 | D:5      | Reached skill level 1 in Earth Magic
  5256 | D:5      | Found a hide-covered altar of Uskayaw.
  5347 | D:5      | Found a hazy altar of Hepliaklqana.
  5371 | D:5      | Found a glowing silver altar of Zin.
  5448 | D:6      | Reached skill level 1 in Fighting
  5854 | D:6      | Identified the +8 flail "Qokhaej" {vamp, rElec rN+}
  5861 | D:6      | Reached XP level 9. HP: 33/63 MP: 7/16
  6647 | D:6      | Reached skill level 1 in Evocations
  6732 | D:6      | Found a burning altar of Makhleb.
  6732 | D:6      | Noticed a blizzard demon
  6735 | D:6      | Noticed a hellwing
  6735 | D:6      | Noticed a smoke demon
  6779 | D:6      | Found a staircase to the Ecumenical Temple.
  6785 | Temple   | Entered the Ecumenical Temple
  6890 | Temple   | Became a worshipper of Vehumet
  7610 | D:7      | Reached skill level 5 in Dodging
  7614 | D:7      | Found Jeudi's Distillery.
  7656 | D:7      | Bought a potion of heal wounds for 55 gold pieces
  7764 | D:7      | Found a large runed translucent door.
  7764 | D:7      | Found a large runed translucent door.
  7770 | D:7      | Found a shimmering altar of Xom.
  7770 | D:7      | Found a sacrificial altar of Ru.
  7823 | D:7      | Noticed robertstho's ghost (novice DjFE)
  7961 | D:7      | Reached skill level 5 in Fighting
  7973 | D:7      | Reached * piety under Vehumet
  7973 | D:7      | Offered knowledge of Foxfire by Vehumet.
  8535 | D:8      | Noticed Grum
  8540 | D:8      | Reached XP level 10. HP: 50/74 MP: 10/18
  8548 | D:8      | Killed Grum
  8657 | D:8      | Found a transporter.
  8665 | D:8      | Noticed Orlauf's ghost (novice DsGl)
  8682 | D:8      | Reached skill level 5 in Earth Magic
  8803 | D:8      | Found a transporter.
  9320 | D:8      | Found a shadowy altar of Dithmenos.
  9497 | D:8      | Reached skill level 10 in Conjurations
  9505 | D:8      | Offered knowledge of Shock by Vehumet.
  9956 | D:9      | Found a staircase to the Orcish Mines.
  9960 | D:9      | Reached ** piety under Vehumet
  9963 | D:9      | Noticed a two-headed ogre
 10081 | D:9      | Killed a two-headed ogre
 10183 | D:9      | Noticed a two-headed ogre
 10188 | D:9      | Killed a two-headed ogre
 10327 | D:9      | Identified the +10 plate armour "Galosona" {+Blink rElec
                  | rF+}
 10581 | D:9      | Offered knowledge of Scorch by Vehumet.
 10585 | D:9      | Learned a level 2 spell: Scorch
 10721 | D:9      | Reached *** piety under Vehumet
 11109 | D:10     | Entered Level 10 of the Dungeon
 11250 | D:10     | Reached skill level 1 in Fire Magic
 11250 | D:10     | Reached XP level 11. HP: 75/84 MP: 15/21
 11725 | D:10     | Noticed a two-headed ogre
 11733 | D:10     | Killed a two-headed ogre
 12021 | D:11     | Noticed a death yak
 12021 | D:11     | Found a staircase to the Lair.
 12022 | D:11     | Noticed a death yak
 12022 | D:11     | Noticed a death yak
 12134 | D:11     | Found Rehiares's General Store.
 12199 | D:11     | Noticed a cyclops
 12221 | D:11     | Killed a cyclops
 12509 | D:11     | Offered knowledge of Hailstorm by Vehumet.
 12538 | D:11     | Killed a death yak
 12694 | D:10     | Learned a level 4 spell: Hailstorm
 12909 | D:11     | Noticed a boulder beetle
 13053 | Orc:1    | Entered Level 1 of the Orcish Mines
 13061 | Orc:1    | Noticed an orc sorcerer
 13065 | Orc:1    | Paralysed by an orc sorcerer for 5 turns
 13070 | Orc:1    | HP: 2/85 [orc priest/divine providence (11)]
 13200 | Lair:1   | Entered Level 1 of the Lair of Beasts
 13202 | Lair:1   | Reached skill level 1 in Ice Magic
 13420 | Lair:1   | Reached **** piety under Vehumet
 13536 | Lair:1   | Found a gate leading to a gauntlet.
 13542 | Gauntlet | Entered a Gauntlet
 13542 | Gauntlet | Found a transporter.
 13542 | Gauntlet | Found a transporter.
 13543 | Gauntlet | Noticed a wizard
 13547 | Gauntlet | Found a transporter.
 13547 | Gauntlet | Found a transporter.
 13548 | Gauntlet | Found a transporter.
 13577 | Gauntlet | Found a transporter.
 13577 | Gauntlet | Found a transporter.
 13577 | Gauntlet | Noticed a green death
 13579 | Gauntlet | Found a transporter.
 13579 | Gauntlet | Found a transporter.
 13583 | Gauntlet | Noticed a cyan ugly thing
 13590 | Gauntlet | Noticed a dire elephant
 13596 | Gauntlet | Found a transporter.
 13605 | Gauntlet | Found a transporter.
 13606 | Gauntlet | Noticed a glowing orange brain
 13616 | Gauntlet | Found a runed translucent door.
 13618 | Gauntlet | Found a transporter.
 13620 | Gauntlet | Noticed a ghost crab
 13621 | Gauntlet | Found a runed translucent door.
 13633 | Gauntlet | Found a transporter.
 13655 | Gauntlet | Found a transporter.
 13701 | Gauntlet | Identified the +1 cloak of the Dragon {Harm rC- Str+9
                  | Slay-6}
 13729 | Gauntlet | Identified the amulet of Fycuywo {RegenMP Harm}
 13826 | Gauntlet | Identified the ring of Biutaan {rElec rPois rF+ Dex+5
                  | Slay-3}
 13826 | Gauntlet | Noticed a minotaur
 13932 | Lair:1   | Identified the +1 leather armour of Eluczuak {Rampage Will+
                  | Int-2 Slay+3}
 14103 | Lair:1   | You fall into a shaft and drop 1 floor!
 14204 | Lair:2   | Identified the +5 ring mail of Vanity {+Inv rF+ rN+ Dex-5}
 14251 | Lair:2   | Offered knowledge of Conjure Flame by Vehumet.
 14352 | Lair:2   | Noticed a four-headed hydra
 14356 | Lair:2   | Reached XP level 12. HP: 95/95 MP: 21/24
 14360 | Lair:2   | Killed a four-headed hydra
 14533 | Lair:2   | Noticed a boulder beetle
 14555 | Lair:2   | Killed a boulder beetle
 14755 | Lair:2   | Noticed a five-headed hydra
 14762 | Lair:2   | Killed a five-headed hydra
 14763 | Lair:2   | Reached skill level 10 in Fighting
 14952 | Lair:2   | Noticed Fannar
 14964 | Lair:2   | Killed Fannar
 14965 | Lair:2   | Reached skill level 1 in Armour
 14967 | Lair:2   | Noticed a six-headed hydra
 14976 | Lair:2   | Killed a six-headed hydra
 15327 | Lair:2   | Identified the +6 scale mail of Quantum Leap {Harm rPois
                  | rCorr Int-2}
 15392 | Lair:1   | Found a runed translucent door.
 15394 | Lair:1   | Identified the +5 trident of Classification {freeze,
                  | Stlth+}
 15394 | Lair:1   | Noticed robertstho's ghost (journeyman DjFE)
 15985 | Lair:3   | Reached skill level 10 in Dodging
 16046 | Lair:3   | Reached skill level 1 in Necromancy
 16538 | Lair:3   | Reached ***** piety under Vehumet
 16539 | Lair:3   | Reached skill level 10 in Spellcasting
 16635 | Lair:3   | Offered knowledge of Fireball by Vehumet.
 16636 | Lair:3   | Gained mutation: You can hop long distances. [Barachi
                  | growth]
 16636 | Lair:3   | Reached XP level 13. HP: 103/103 MP: 16/27
 16642 | Lair:3   | Learned a level 5 spell: Fireball
 17053 | Lair:3   | Reached skill level 5 in Armour
 17103 | Lair:3   | Found a hole to the Spider Nest.
 17461 | Lair:4   | Reached skill level 5 in Fire Magic
 18250 | Lair:4   | Found a staircase to the Shoals.
 19009 | Orc:2    | Entered Level 2 of the Orcish Mines
 19115 | Orc:2    | Found a staircase to the Elven Halls.
 19422 | Orc:2    | Noticed Saint Roka
 19448 | Orc:2    | Killed Saint Roka
 19449 | Orc:2    | Reached skill level 5 in Necromancy
 19585 | Orc:1    | Reached XP level 14. HP: 84/110 MP: 19/29
 19638 | Orc:1    | Offered knowledge of Irradiate by Vehumet.
 19647 | Orc:2    | Learned a level 5 spell: Irradiate
 19765 | Orc:1    | Found Recil's Antique Armour Emporium.
 19782 | Orc:1    | Bought a buckler for 94 gold pieces
 20241 | Orc:2    | Reached skill level 1 in Shields
 20370 | Orc:2    | Paralysed by an ogre mage for 7 turns
 20561 | Orc:2    | Found Tigowkoi's Antique Weapon Emporium.
 20569 | Orc:2    | Found Umeffi's Antique Weapon Shoppe.
 20616 | Orc:2    | Noticed Erolcha
 20621 | Orc:2    | Cast into level 1 of the Abyss (Erolcha)
 20645 | Abyss:1  | Noticed a quicksilver dragon
 20653 | Abyss:1  | Noticed a lich
 20656 | Abyss:1  | Killed from afar by a quicksilver dragon

Illustrated notes

Levels and vault maps discovered:
D:1:      kb_arrival_jail, layout_basic, minmay_crystal_room,
          kennysheep_decorative_pillar
D:2:      layout_loops_ring, uniq_robin
D:3:      gammafunk_steamed_eel, layout_basic,
          dreamdust_ecumenical_altar_hidden_monk_grotto, uniq_grinder,
          uniq_terence
D:4:      layout_basic, nicolae_ossuary_entry_giza
D:5:      layout_rooms, old_standard_altar, mainiacjoe_overflow_chevrons,
          dancing_weapons_uskayaw
D:6:      layout_basic, makhleb_altar_promises_db, minmay_temple_entry_hall
D:7:      layout_loops_ring, gammafunk_temple_overflow_pools, serial_shops,
          shop, ebering_ghost_disaster_area, minmay_fractal_squares_5
D:8:      layout_basic, mainiacjoe_overflow_concentric_impassable,
          gammafunk_ghost_stat_death, uniq_grum
D:9:      layout_basic, zombieorc2_lemuel
D:10:     layout_stronghold, minmay_variable_closet
D:11:     layout_cave_pods, dpeg_lair_monsters, serial_shops, kennysheep_mini,
          billiards_dpeg, uniq_sonja
Temple:   regret_index_temple_generic_petals
Lair:1:   layout_roguey, ebering_ghost_funeral_grove, gauntlet_entry_generic
Lair:2:   layout_layer_cave, grunt_megastairs_3, uniq_fannar
Lair:3:   beast_lair_carwin_large_2, layout_misc_corridors,
          spider_nest_entry_funnel_web
Lair:4:   layout_layer_cave, shoals_dummy_entry, beast_lair_carwin_1,
          serial_bayou_shore_b
Orc:1:    layout_caves, basic_altar, serial_shops, nicolae_shop_stone
Orc:2:    kennysheep_orc_mage_school, layout_diamond_mine, uniq_saint_roka
Abyss:1:  base:
D:12

Skill      XL: |  1  2  3  4  5  6  7  8  9 10 11 12 13 14 |
---------------+-------------------------------------------+-----
Spellcasting   | 3 4 5 7 8 10 11 | 11.5
Conjurations   | 5 6 7 8 9 10 11 12 | 12.0
Hexes          | 1 2 3 4 |  4.0
Translocations | 1 2 3 4 |  4.0
Earth Magic    | 3 4 5 |  5.0
Fighting       | 3 5 7 9 10 | 10.4
Dodging        | 3 5 7 8 10 11 12 | 12.1
Evocations     | 2 3 |  3.0
Fire Magic     | 1 3 4 7 |  7.6
Ice Magic      | 3 |  3.0
Armour         | 4 5 |  5.0
Necromancy     | 2 5 |  5.7
Shields        | 1 |  1.6
Stealth        | |  1.7

Action                   |  1- 3 |  4- 6 |  7- 9 | 10-12 | 13-15 || total
-------------------------+-------+-------+-------+-------+-------++-------
Melee: Dagger            |    16 |       |       |       |       ||    16
       Short sword       |    64 |   183 |    37 |       |       ||   284
       Flail             |       |       |    55 |   191 |    19 ||   265
       Staff             |       |       |       |    12 |     8 ||    20
 Fire: Hunting sling     |       |     3 |    22 |       |       ||    25
Throw: Javelin           |       |       |     4 |       |       ||     4
       Boomerang         |       |       |    45 |    17 |       ||    62
 Cast: Magic Dart        |    19 |     2 |       |       |       ||    21
       Searing Ray       |     4 |    10 |    29 |     1 |       ||    44
       Iskenderun's Myst |       |     5 |     3 |    29 |    30 ||    67
       Fulminant Prism   |       |     2 |     8 |    96 |    81 ||   187
       Stone Arrow       |       |       |    34 |    96 |    44 ||   174
       Scorch            |       |       |       |     5 |     9 ||    14
       Fireball          |       |       |       |       |     1 ||     1
       Irradiate         |       |       |       |       |     1 ||     1
 Abil: Hop               |       |     3 |     2 |     9 |     1 ||    15
Evoke: Wand              |       |    12 |       |     7 |     2 ||    21
       Phantom mirror    |       |       |       |     1 |     1 ||     2
       Box of beasts     |       |       |       |     1 |     1 ||     2
       Tin of tremorston |       |       |       |       |     1 ||     1
  Use: Scroll            |     1 |    10 |     4 |    10 |     3 ||    28
       Potion            |       |       |     1 |     7 |       ||     8
 Stab: Sleeping          |     2 |       |       |       |       ||     2
Armor: Robe              |    13 |    29 |       |       |       ||    42
       Ring mail         |       |     1 |    80 |   107 |    43 ||   231
Dodge: Dodged            |    51 |   110 |    96 |   168 |    51 ||   476

Table legend: (Time is in decaauts)
 A = Elapsed time spent in this place.
 B = Non-inter-level travel time spent in this place.
 C = Inter-level travel time spent in this place.
 D = Time resting spent in this place.
 E = Time spent auto-exploring this place.
 F = Levels seen in this place.
 G = Mean time per level.
                   A        B        C        D        E       F      G
               +--------+--------+--------+--------+--------+-----+--------+
         Total |  23118 |  21802 |   1316 |   2263 |  15075 |  21 | 1100.9 |
       Dungeon |  14611 |  13721 |    890 |   1067 |  10016 |  11 | 1328.3 |
        Temple |    210 |    195 |     15 |      0 |    183 |   1 |  210.0 |
          Lair |   5546 |   5168 |    378 |    796 |   3555 |   4 | 1386.5 |
  Orcish Mines |   2046 |   2014 |     32 |    347 |   1094 |   2 | 1023.0 |
         Abyss |     38 |     38 |      0 |      0 |      9 |   1 |   38.0 |
       Ossuary |    335 |    335 |      0 |      0 |    159 |   1 |  335.0 |
      Gauntlet |    329 |    329 |      0 |     53 |     58 |   1 |  329.0 |
               +--------+--------+--------+--------+--------+-----+--------+

Top non-repeatable levels by time:
  Lair:3: 1727 daAuts
     D:8: 1721 daAuts
  Lair:2: 1628 daAuts
     D:6: 1578 daAuts
    D:10: 1505 daAuts
     D:7: 1428 daAuts
     D:9: 1423 daAuts
     D:4: 1413 daAuts
   Orc:2: 1368 daAuts
     D:1: 1320 daAuts
  Lair:1: 1309 daAuts
     D:2: 1192 daAuts
     D:5: 1177 daAuts
    D:11: 962 daAuts
     D:3: 888 daAuts
